 Dungeon Crawl Stone Soup version 0.30-a0-755-g0b50240ab4 (webtiles) character file.

Game seed: 7064146425538159841

14051 Rrauwl the Brawler (level 11, -4/97 HPs)
             Began as a Troll Fighter on Feb 9, 2023.
             Was a Believer of Hepliaklqana.
             Killed from afar by Lodul (29 damage)
             ... with a bolt of lightning
             ... on level 10 of the Dungeon.
             The game lasted 00:30:12 (8252 turns).

Rrauwl the Brawler (Troll Fighter)                  Turns: 8252, Time: 00:30:12

Health: -4/97      AC: 12    Str: 27    XL:     11   Next: 83%
Magic:  10/10      EV:  9    Int:  8    God:    Hepliaklqana [**....]
Gold:   551        SH:  9    Dex: 10    Spells: 10/10 levels left

rFire   . . .      SeeInvis .      - Unarmed
rCold   + . .      Faith    .    q - +0 kite shield
rNeg    . . .      Spirit   .    u - +0 steam dragon scales
rPois   .          Reflect  .    (helmet restricted)
rElec   .          Harm     .    D - +0 cloak
rCorr   .          Rampage  .    (gloves unavailable)
Will    .....                    (boots unavailable)
Stlth   +                        (no amulet)
HPRegen 1.16/turn                o - +4 ring of protection
MPRegen 0.12/turn                t - ring of protection from cold

@: hasted, very quick
A: reduced essence, large, unfitting armour, claws 3, regeneration 1, shaggy fur
1, tough skin 1, clever 1, robust 1
a: Renounce Religion, Recall Ancestor, Ancestor Identity


You were on level 10 of the Dungeon.
You worshipped Hepliaklqana.
Hepliaklqana was pleased with you.
You visited 2 branches of the dungeon, and saw 11 of its levels.
You also visited: Ossuary and Bailey.

You collected 637 gold pieces.
You spent 86 gold pieces at shops.

Inventory:

Hand Weapons
 a - a +4 whip
 c - a +5 giant spiked club
 l - the +3 hand axe "Casoulob" {elec, rPois rF+ Int+5 Dex+3}
   (You took it off a centaur on level 8 of the Dungeon)

   Int:       It affects your intelligence (+5).
   Dex:       It affects your dexterity (+3).
   rF:        It protects you from fire.
   rPois:     It protects you from poison.
Armour
 q - a +0 kite shield (worn)
 u - +0 steam dragon scales (worn)
 D - a +0 cloak (worn)
Jewellery
 o - a +4 ring of protection (left claw)
 t - a ring of protection from cold (right claw)
Wands
 b - a wand of mindburst (4)
 f - a wand of iceblast (10)
 p - a wand of flame (6)
 v - a wand of paralysis (15)
 G - a wand of polymorph (8)
Scrolls
 e - 2 scrolls of teleportation
 r - 3 scrolls of blinking
 s - 2 scrolls of poison
 x - a scroll of fog
 y - a scroll of identify
 B - 4 scrolls of vulnerability
 C - 2 scrolls of fear
 H - a scroll of magic mapping
Potions
 d - 5 potions of mutation
 g - 3 potions of invisibility
 h - 2 potions of attraction
 i - a potion of heal wounds
 j - 5 potions of curing
 k - 2 potions of ambrosia
 m - 3 potions of cancellation
 n - 3 potions of brilliance
 w - 2 potions of might
 z - 4 potions of magic
 A - a potion of flight
 E - 4 potions of haste
 F - a potion of lignification
 I - a potion of berserk rage


   Skills:
 - Level 3.0 Fighting
 + Level 3.6 Maces & Flails
 + Level 3.1 Armour
 - Level 3.0 Dodging
 - Level 6.0 Shields
 - Level 17.0 Unarmed Combat


You had 10 spell levels left.
You didn't know any spells.
Your spell library contained the following spells:

 Spells                   Type           Power      Damage    Failure   Level
 Magic Dart               Conj           0%         1d3       67%         1
 Necrotise                Necr           0%         1d4       67%         1
 Lesser Beckoning         Tloc           0%         N/A       80%         2
 Searing Ray              Conj           0%         2d4       80%         2
 Gell's Gravitas          Tloc           0%         N/A       95%         3
 Ignite Poison            Fire/Tmut/Pois 0%         N/A       95%         3
 Kindle Blastsparks       Fire/Tloc/Air  0%         2d10      95%         3
 Teleport Other           Tloc           0%         N/A       95%         3
 Vampiric Draining        Necr           0%         2d6       95%         3
 Animate Armour           Summ/Erth      0%         N/A       100%        4
 Fulminant Prism          Conj/Hex       0%         3d5       100%        4
 Summon Ice Beast         Ice/Summ       0%         N/A       100%        4
 Agony                    Necr           0%         N/A       100%        5
 Blade Hands              Tmut           0%         N/A       100%        5
 Freezing Cloud           Conj/Ice/Air   0%         6-21      100%        5
 Summon Mana Viper        Hex/Summ       0%         N/A       100%        5
 Iron Shot                Conj/Erth      0%         9d1       100%        6
 Monstrous Menagerie      Summ           0%         N/A       100%        7


Dungeon Overview and Level Annotations

Branches:
Dungeon (10/15)            Temple (1/1) D:6         Ossuary (visited)
 Bailey (visited)
   Lair: D:8-11         Orc: D:9-12

Altars:
Ashenzari
Cheibriados
Dithmenos
Elyvilon
Fedhas
Gozag
Hepliaklqana
Kikubaaqudgha
Nemelex Xobeh
Okawaru
Qazlal
Ru
Sif Muna
Trog
Uskayaw
Vehumet
Wu Jian
Xom
Yredelemnul
Zin
The Shining One

Shops:
D:6 :[*   D:7 !

Annotations:
D:6 1 runed translucent door, iskra's ghost, novice AtBe
D:9 3 runed translucent doors, vrbfk's ghost, journeyman MiFi
D:10 Lodul


Innate Abilities, Weirdness & Mutations

Your life essence is reduced to manifest your ancestor. (-10% HP)
You are too large for most types of armour.
You have claws for hands.
Your natural rate of healing is unusually fast.
You are covered in fur. (AC +1)
You have tough skin. (AC +1)
Your mind is acute. (Int +4, Str/Dex -1)
You are robust. (+10% HP)


Message History

No target in view!
Found an escape hatch in the floor.
r - 3 scrolls of blinking (gained 1)
You swap places.
An ogre comes into view. It is wielding a +0 giant club.
An ogre comes into view. It is wielding a +0 giant club.
The ogre shouts!
You hear a shout! x2
An ogre comes into view. It is wielding a +0 giant spiked club.
An ogre comes into view. It is wielding a +0 giant club.
The ogre shouts!
You hear a shout!
An ogre comes into view. It is wielding a +0 giant club. x2
The ogre shouts!
Lodul the Thundrous comes into view.
He is wielding a +0 dire flail and carrying a wand of mindburst (9).
You feel yourself speed up.
Electricity crackles from Lodul's apparatus.
The bolt of lightning hits you!
The ogre barely misses Leddy.
An ogre comes into view. It is wielding a +0 giant spiked club.
You swap places.
Lodul lets out a whooping war cry.
Electricity crackles from Lodul's apparatus.
The bolt of lightning hits you!! The ogre hits you with a +0 giant club.
You mangle the ogre!!
The ogre is almost dead.
The ogre hits you with a +0 giant club!
You completely miss the ogre.
The ogre is almost dead.
You mangle the ogre!!
You kill the ogre!
The ogre hits you with a +0 giant club!!
* * * LOW HITPOINT WARNING * * *
You swap places.
Leddy hits the ogre with a +0 dagger of draining!
Leddy drains the ogre.
Electricity crackles from Lodul's apparatus.
The bolt of lightning misses you.
Leddy hits the ogre with a +0 dagger of draining.
Leddy hits the ogre with a +0 dagger of draining.
Electricity crackles from Lodul's apparatus.
The bolt of lightning hits you!!
You die...

####################
......>.............
.########............
.########.###...####
..........).#...###
#...##...#.#...@.#####...
##...#..###.#...#.ROO.O..#
........###.....###OO....#
.........####.... O.....#
......##...###.### ......#
......####..##.# . ...O..#
...............#..#.......
.###.###.##.......#.......
. #.###..##..............


You could see the friendly Leddy the hexer, Lodul and 5 ogres.

Vanquished Creatures
  2 vault guards (Bailey)
  A centaur warrior (D:10)
  A two-headed ogre (D:9)
  Nergalle (D:10)
  Maurice (D:8)
  Maggie (D:5)
  Psyche (D:8)
  Prince Ribbit (Bailey)
  Grinder (D:5)
  10 yaks
  5 humans (Bailey)
  A steam dragon (D:8)
  6 two-headed ogre zombies (D:9)
  5 water moccasins
  A sky beast (D:7)
  An orc warrior (D:5)
  An ice beast (D:7)
  A black bear (D:6)
  4 ogres
  5 centaurs
  3 phantoms
  3 kobold brigands
  9 bullfrogs
  15 scorpions
  2 necrophages
  3 wights (D:8)
  14 killer bees
  A howler monkey (D:8)
  2 electric eels
  2 centaur zombies (Ossuary)
  4 jellies
  A hound (D:6)
  4 human zombies
  6 orc priests
  2 iguanas
  A scorpion zombie (Ossuary)
  6 orc wizards
  3 mummies (Ossuary)
  5 gnolls
  6 adders
  A shadow imp (D:6)
  2 white imps
  3 ufetubi
  3 worms (D:8)
  38 orcs
  3 bats
  7 endoplasms
  2 giant cockroaches
  7 goblins
  11 hobgoblins
  5 jackals
  3 quokkas
  2 ball pythons (D:4)
  5 frilled lizards
  3 goblin zombies (Ossuary)
  3 hobgoblin zombies (Ossuary)
  A jackal zombie (D:7)
  13 kobolds
  3 kobold zombies (Ossuary)
  3 orc zombies
  5 rats
265 creatures vanquished.

Vanquished Creatures (collateral kills)
  Sonja (D:10)
  A wraith (D:10)
  An acid dragon (D:9)
  4 bullfrogs (Bailey)
  2 killer bees (D:9)
  An orc priest (D:9)
  2 orcs
  A goblin (Bailey)
  A kobold zombie (Ossuary)
  2 orc zombies (Ossuary)
16 creatures vanquished.

Vanquished Creatures (others)
  A yak (D:10)
  A hexer (D:10)
  4 orc wizards
  3 ancestors
9 creatures vanquished.

Grand Total: 290 creatures vanquished

Notes
Turn   | Place    | Note
-------+----------+-------------------------------------------
     0 | D:1      | Rrauwl the Troll Fighter began the quest for the Orb.
     0 | D:1      | Reached XP level 1. HP: 22/22 MP: 0/0
   175 | D:1      | Reached XP level 2. HP: 28/29 MP: 1/1
   569 | D:2      | Reached XP level 3. HP: 36/36 MP: 2/2
  1046 | D:2      | Identified the +1 pair of boots of Arossado {rElec rCorr
                  | Slay+2 Stlth-}
  1452 | D:3      | Found a faded altar of an unknown god.
  1528 | D:3      | Reached XP level 4. HP: 44/44 MP: 3/3
  1534 | D:3      | Reached skill level 3 in Unarmed Combat
  1542 | D:3      | Reached XP level 5. HP: 30/53 MP: 4/4
  1730 | D:3      | Reached skill level 4 in Unarmed Combat
  1998 | D:3      | Found a snail-covered altar of Cheibriados.
  2008 | D:3      | Reached XP level 6. HP: 59/61 MP: 5/5
  2864 | D:5      | Entered Level 5 of the Dungeon
  2864 | D:5      | Noticed a water moccasin
  2882 | D:5      | Killed a water moccasin
  2883 | D:5      | Reached skill level 5 in Shields
  2883 | D:5      | Reached skill level 5 in Unarmed Combat
  2942 | D:5      | Noticed Grinder
  2947 | D:5      | Reached XP level 7. HP: 66/67 MP: 6/6
  2961 | D:5      | Killed Grinder
  2994 | D:5      | Reached skill level 6 in Unarmed Combat
  3153 | D:5      | Reached skill level 7 in Unarmed Combat
  3153 | D:5      | Reached XP level 8. HP: 64/75 MP: 7/7
  3386 | D:5      | Found a glowing silver altar of Zin.
  3702 | D:5      | Reached skill level 8 in Unarmed Combat
  3807 | D:6      | Noticed Maggie
  3811 | D:6      | HP: 2/75 [Maggie/bolt of fire (27)]
  3991 | D:5      | Killed Maggie
  3992 | D:5      | Reached skill level 9 in Unarmed Combat
  4042 | D:6      | Gained mutation: Potions are less effective at restoring
                  | your health. [potion of mutation]
  4042 | D:6      | Gained mutation: You are somewhat resistant to further
                  | mutation. [potion of mutation]
  4043 | D:6      | Lost mutation: Potions are less effective at restoring your
                  | health. [potion of mutation]
  4043 | D:6      | Lost mutation: You are somewhat resistant to further
                  | mutation. [potion of mutation]
  4043 | D:6      | Gained mutation: You are robust. (+10% HP) [potion of
                  | mutation]
  4043 | D:6      | Gained mutation: Your mind is acute. (Int +4, Str/Dex -1)
                  | [potion of mutation]
  4053 | D:6      | Found a runed translucent door.
  4068 | D:6      | Found an opulent altar of Gozag.
  4072 | D:6      | Found an iron altar of Okawaru.
  4087 | D:6      | Reached skill level 10 in Unarmed Combat
  4087 | D:6      | Reached XP level 9. HP: 89/89 MP: 8/8
  4087 | D:6      | Found a shimmering altar of Xom.
  4100 | D:6      | Found a sparkling altar of Nemelex Xobeh.
  4112 | D:6      | Found an ancient bone altar of Kikubaaqudgha.
  4161 | D:6      | Found a staircase to the Ecumenical Temple.
  4166 | Temple   | Entered the Ecumenical Temple
  4171 | Temple   | Became a worshipper of Hepliaklqana the Forgotten
  4201 | D:6      | Found Xuev's Assorted Antiques.
  4214 | D:6      | Bought a fuming dark potion for 30 gold pieces
  4291 | D:6      | Found Turambar's Dragon-Slaying Spoils.
  4338 | D:6      | Found a white marble altar of Elyvilon.
  4469 | D:6      | Found Zaecoth's Book Shoppe.
  4612 | D:6      | Found a large runed translucent door.
  4613 | D:6      | Found a large runed translucent door.
  4674 | D:6      | Found a glowing golden altar of the Shining One.
  4680 | D:6      | Noticed iskra's ghost (novice AtBe)
  4711 | D:6      | Found a hide-covered altar of Uskayaw.
  4720 | D:6      | Found a broken altar of Ashenzari.
  4872 | D:7      | Reached * piety under Hepliaklqana
  4876 | D:7      | Found Fofezoc's Distillery.
  4882 | D:7      | Bought a potion of curing for 42 gold pieces
  4882 | D:7      | Bought a potion of degeneration for 14 gold pieces
  4886 | D:7      | Found a stormy altar of Qazlal.
  4895 | D:7      | Reached skill level 11 in Unarmed Combat
  4905 | D:7      | Found a sand-covered staircase.
  4988 | Ossuary  | Entered an ossuary
  5050 | Ossuary  | Reached skill level 12 in Unarmed Combat
  5342 | D:7      | Reached XP level 10. HP: 91/91 MP: 9/9
  5589 | D:7      | Reached skill level 13 in Unarmed Combat
  5908 | D:8      | Reached skill level 14 in Unarmed Combat
  6007 | D:8      | Found a flagged portal.
  6010 | D:8      | Identified the +3 hand axe "Casoulob" {elec, rPois rF+
                  | Int+5 Dex+3}
  6083 | Bailey   | Entered a bailey
  6183 | Bailey   | Reached skill level 15 in Unarmed Combat
  6222 | Bailey   | Noticed Prince Ribbit
  6222 | Bailey   | Noticed a vault guard
  6225 | Bailey   | Killed Prince Ribbit
  6233 | Bailey   | Killed a vault guard
  6266 | Bailey   | Noticed a vault guard
  6275 | Bailey   | Killed a vault guard
  6276 | Bailey   | Reached XP level 11. HP: 97/97 MP: 10/10
  6452 | D:8      | Noticed Maurice
  6461 | D:8      | Killed Maurice
  6474 | D:8      | Reached ** piety under Hepliaklqana
  6475 | D:8      | Remembered your ancestor Leddy as a hexer
  6737 | D:8      | Found a bloodstained altar of Trog.
  6769 | D:8      | Noticed Psyche
  6775 | D:8      | Killed Psyche
  6776 | D:8      | Reached skill level 16 in Unarmed Combat
  6897 | D:9      | Found a sacrificial altar of Ru.
  6932 | D:9      | Noticed a two-headed ogre
  6940 | D:9      | Killed a two-headed ogre
  6941 | D:9      | Found a runed translucent gate.
  6941 | D:9      | Found a runed translucent gate.
  6941 | D:9      | Found a runed translucent gate.
  7026 | D:9      | Noticed vrbfk's ghost (journeyman MiFi)
  7028 | D:9      | Noticed a nine-headed hydra
  7028 | D:9      | Noticed a nine-headed hydra
  7443 | D:9      | Found an ornate altar of the Wu Jian Council.
  7959 | D:10     | Entered Level 10 of the Dungeon
  7959 | D:10     | Noticed Sonja
  8002 | D:10     | Killed Sonja
  8003 | D:10     | Reached skill level 1 in Maces & Flails
  8003 | D:10     | Reached skill level 1 in Armour
  8069 | D:10     | Noticed a centaur warrior
  8077 | D:10     | Noticed Nergalle
  8094 | D:10     | Killed a centaur warrior
  8095 | D:10     | Reached skill level 17 in Unarmed Combat
  8108 | D:10     | Killed Nergalle
  8245 | D:10     | Noticed Lodul
  8252 | D:10     | Killed from afar by Lodul

Illustrated notes

Levels and vault maps discovered:
D:1:      onia_arrival_mini_maze_b, layout_rooms
D:2:      layout_loops_ring, minivault_27, due_unseen_surprise
D:3:      layout_basic, cheibriados_altar_1,
          shapermc_ecumenical_altar_mp_highgroup, kennysheep_generic_room_11
D:4:      layout_cave_pods
D:5:      layout_loops_ring, zin_treasury, uniq_grinder
D:6:      layout_cave_pools, lemuel_tele_altar, elyvilon_altar_1,
          minmay_overflow_temple_star_hex, jmf_multi_god_temple2,
          temple_doors_e, ebering_ghost_reflecting_pool, serial_shops,
          nicolae_lakefront_shop, shop, nicolae_shop_dragon_depot, uniq_maggie
D:7:      layout_rooms, kennysheep_mini_moat, serial_shops, shop,
          enter_ossuary_3, nicolae_hexahallways, kennysheep_generic_room_5
D:8:      layout_loops_ring, tgw_trog, enter_bailey_2, uniq_psyche, uniq_maurice
D:9:      lemuel_ogre_cave, layout_basic, nzn_wu_jian_contemplation,
          nicolae_ru_sacrificial_ziggurat, gammafunk_ghost_hydra_chop
D:10:     layout_rooms, marbit_many_paths, orc_0_dummy, uniq_sonja, uniq_lodul,
          uniq_nergalle
Temple:   hellmonk_temple_micro_hex

Skill      XL: |  1  2  3  4  5  6  7  8  9 10 11 |
---------------+----------------------------------+-----
Shields        | 3 4 5 6 |  6.0
Fighting       | 3 |  3.0
Dodging        | 3 |  3.0
Unarmed Combat | 3 4 5 7 10 12 15 17 | 17.0
Maces & Flails | 3 |  3.6
Armour         | 3 |  3.1

Action                     |  1- 3 |  4- 6 |  7- 9 | 10-12 || total
---------------------------+-------+-------+-------+-------++-------
  Melee: Unarmed           |   117 |   127 |   307 |   311 ||   862
 Invoke: Ancestor Identity |       |       |     1 |       ||     1
         Ancestor Life: He |       |       |       |     1 ||     1
  Evoke: Wand              |       |     5 |     7 |    13 ||    25
    Use: Scroll            |     7 |     3 |    13 |     3 ||    26
         Potion            |       |       |     5 |     5 ||    10
   Stab: Sleeping          |     3 |       |       |       ||     3
         Paralysed         |       |       |       |     9 ||     9
         Confused          |       |       |       |     4 ||     4
 Armour: Robe              |    28 |    28 |    26 |       ||    82
         Steam dragon scal |       |       |    90 |   126 ||   216
  Dodge: Dodged            |    37 |    35 |   105 |   125 ||   302
  Block: Kite shield       |    39 |    29 |   125 |   157 ||   350

Table legend: (Time is in decaauts)
 A = Elapsed time spent in this place.
 B = Non-inter-level travel time spent in this place.
 C = Inter-level travel time spent in this place.
 D = Time resting spent in this place.
 E = Time spent auto-exploring this place.
 F = Levels seen in this place.
 G = Mean time per level.
                   A        B        C        D        E       F      G
               +--------+--------+--------+--------+--------+-----+--------+
         Total |   8199 |   8009 |    190 |    143 |   6008 |  13 |  630.7 |
       Dungeon |   7623 |   7442 |    181 |    143 |   5749 |  10 |  762.3 |
        Temple |     10 |      1 |      9 |      0 |      0 |   1 |   10.0 |
       Ossuary |    313 |    313 |      0 |      0 |    141 |   1 |  313.0 |
        Bailey |    252 |    252 |      0 |      0 |    118 |   1 |  252.0 |
               +--------+--------+--------+--------+--------+-----+--------+

Top non-repeatable levels by time:
     D:5: 1145 daAuts
     D:9: 1074 daAuts
     D:3: 882 daAuts
     D:7: 767 daAuts
     D:2: 766 daAuts
     D:6: 760 daAuts
     D:4: 735 daAuts
     D:8: 720 daAuts
     D:1: 493 daAuts
 Ossuary: 313 daAuts
    D:10: 275 daAuts
  Bailey: 252 daAuts
  Temple: 10 daAuts
